 Dungeon Crawl Stone Soup version 0.21.1-1-g345015fe64 (webtiles) character file.

154 Lentor the Ruffian (level 5, -15/53 HPs)
             Began as a Troll Monk on June 5, 2018.
             Killed from afar by Ijyb (21 damage)
             ... with a wand of acid (3)
             ... on level 3 of the Dungeon on June 6, 2018.
             The game lasted 00:16:14 (2152 turns).

Lentor the Ruffian (Troll Monk)                     Turns: 2152, Time: 00:16:15

Health: -15/53     AC: -2    Str: 19    XL:     5   Next: 13%
Magic:  4/4        EV: 11    Int:  6    God:
Gold:   119        SH:  0    Dex: 13    Spells: 4/4 levels left

rFire    . . .     SeeInvis .     - Unarmed
rCold    . . .     Gourm    +   (no shield)
rNeg     . . .     Faith    .   a - +0 robe
rPois    .         Spirit   .   (helmet restricted)
rElec    .         Reflect  .   f - +0 cloak
rCorr    .         Harm     .   (gloves unavailable)
MR       .....                  (boots unavailable)
Stlth    ++........             (no amulet)
HPRegen  0.57/turn              (no ring)
MPRegen  0.09/turn              (no ring)

@: corroded
A: large, unfitting armour, claws 3, fast metabolism 3, gourmand, regeneration
1, shaggy fur 1, tough skin 2
a: no special abilities


You were on level 3 of the Dungeon.
You were hungry.

You visited 1 branch of the dungeon, and saw 3 of its levels.

You collected 119 gold pieces.

Inventory:

Missiles
 i - 49 arrows
Armour
 a - a +0 robe (worn)
 f - a +0 cloak (worn)
Scrolls
 c - 4 scrolls of identify {unknown}
 d - 2 scrolls of remove curse {unknown}
 h - a scroll of amnesia {unknown}
 j - a scroll of blinking {unknown}
 k - a scroll of fog {unknown}
 m - a scroll of teleportation {unknown}
 n - a scroll of enchant weapon {unknown}
 o - a scroll of enchant armour {unknown}
 p - a scroll of random uselessness {unknown}
Potions
 e - a potion of might {unknown}
 g - a potion of agility {unknown}
 l - a potion of curing {unknown}
Comestibles
 b - a ration


   Skills:
 + Level 3.0 Fighting
 + Level 3.2 Dodging
 + Level 1.3 Stealth
 + Level 4.5 Unarmed Combat


You had 4 spell levels left.
You didn't know any spells.

Dungeon Overview and Level Annotations

Branches:
Dungeon (3/15)

Altars:
Nemelex Xobeh
Okawaru
Vehumet

Annotations:
D:3 Ijyb


Innate Abilities, Weirdness & Mutations

You are too large for most types of armour.
You have claws for hands.
Your metabolism is lightning-fast.
You like to eat raw meat.
Your natural rate of healing is unusually fast.
You are covered in fur. (AC +1)
You have very tough skin. (AC +2)


Message History

The adder hisses angrily.
You claw Ijyb!
Ijyb is severely wounded.
Ijyb hits you with a club.
You scratch Ijyb.
Ijyb is almost dead.
Ijyb barely misses you.
You closely miss Ijyb.
Ijyb is almost dead.
Ijyb zaps a wand.
The bolt of acid hits you!
* * * LOW HITPOINT WARNING * * *
The acid corrodes you!
You are splashed with acid!
The acid burns!
* * * LOW HITPOINT WARNING * * *
You are too injured to fight recklessly!
You are too injured to fight recklessly!
You are too injured to fight recklessly!
You are too injured to fight recklessly!
You are too injured to fight recklessly!
Ijyb zaps a wand.
The bolt of acid hits you!
You die...

... #S ....# #. ....# #.
.##.# .# ##.##.##.# .#
####..... #.# .#
#.....gS# #.# .#
#.##....###.# ##.#####
#.......@...###.......##
..........?......###.....
..........#####.###.....#
..##......# #.##......# .
........# #.##......#
###......#####.##.#...#
####...#.......)..(#
#...#.#####.....# #...#.#
#..#).##


You could see Ijyb and an adder.

Vanquished Creatures
  9 adders
  2 oozes (D:2)
  3 worms (D:2)
  A dart slug (D:1)
  A leopard gecko (D:2)
  An orc (D:2)
  4 giant cockroaches
  7 goblins
  3 hobgoblins
  8 jackals
  5 bats
  5 kobolds
  3 rats
52 creatures vanquished.

Notes
Turn   | Place    | Note
-------+----------+-------------------------------------------
     0 | D:1      | Lentor the Troll Monk began the quest for the Orb.
     0 | D:1      | Reached XP level 1. HP: 22/22 MP: 0/0
  1098 | D:2      | Reached XP level 2. HP: 25/29 MP: 1/1
  1215 | D:2      | Reached XP level 3. HP: 36/36 MP: 2/2
  1311 | D:2      | Reached XP level 4. HP: 41/44 MP: 3/3
  1343 | D:2      | Reached skill level 4 in Unarmed Combat
  2049 | D:3      | Found a radiant altar of Vehumet.
  2051 | D:3      | Found an iron altar of Okawaru.
  2056 | D:3      | Found a sparkling altar of Nemelex Xobeh.
  2086 | D:3      | Reached XP level 5. HP: 51/53 MP: 4/4
  2143 | D:3      | Noticed Ijyb
  2152 | D:3      | Killed from afar by Ijyb

Skill      XL: |  1  2  3  4 |
---------------+-------------+-----
Dodging        | 3 |  3.2
Unarmed Combat | 4 |  4.5
Fighting       | 3 |  3.0
Stealth        | |  1.3

Action                   |  1- 3 |  4- 6 || total
-------------------------+-------+-------++-------
Melee: Unarmed           |    63 |   101 ||   164
       Punch             |       |     1 ||     1
 Stab: Sleeping          |     1 |     1 ||     2
       Distracted        |       |     1 ||     1
  Eat: Chunk             |     5 |     5 ||    10
       Ration            |     1 |     1 ||     2
Armor: Robe              |    25 |    52 ||    77
Dodge: Dodged            |    29 |    74 ||   103
